 Dungeon Crawl Stone Soup version 0.27.1-3-gb3d3a73c9e (webtiles) character file.

Game seed: 13347339132163759097

1257 Crownlay the Cleaver (level 8, -8/64 HPs)
             Began as a Hill Orc Fighter on Oct 19, 2021.
             Was a Believer of Qazlal.
             Mangled by an orc warrior (9 damage)
             ... on level 6 of the Dungeon.
             The game lasted 00:06:42 (4993 turns).

Crownlay the Cleaver (Hill Orc Fighter)             Turns: 4993, Time: 00:06:43

Health: -8/64      AC: 12    Str: 21    XL:     8   Next: 51%
Magic:  14/14      EV:  9    Int:  8    God:    Qazlal [**....]
Gold:   158        SH:  3    Dex: 10    Spells: 7/7 levels left

rFire    . . .     SeeInvis .   g - +2 war axe
rCold    . . .     Faith    .   (no shield)
rNeg     . . .     Spirit   .   b - +0 scale mail
rPois    .         Reflect  .   o - +0 helmet
rElec    .         Harm     .   (no cloak)
rCorr    .         Rampage  .   (no gloves)
Will     .....                  (no boots)
Stlth    ..........             (no amulet)
HPRegen  0.20/turn              j - +4 ring of protection
MPRegen  0.14/turn              (no ring)

@: no status effects
A: no striking features
a: Renounce Religion, Upheaval


You were on level 6 of the Dungeon.
You worshipped Qazlal.
Qazlal was pleased with you.
You visited 1 branch of the dungeon, and saw 6 of its levels.

You collected 223 gold pieces.
You spent 65 gold pieces at shops.

Inventory:

Hand Weapons
 g - a +2 war axe (weapon)
Armour
 b - a +0 scale mail (worn)
 c - a +0 kite shield
 o - a +0 helmet (worn)
Jewellery
 j - a +4 ring of protection (left hand)
Wands
 s - a wand of acid (5)
Scrolls
 e - 3 scrolls of identify
 f - 2 scrolls of teleportation
 h - 3 scrolls of magic mapping
 i - 2 scrolls of enchant armour
 k - 3 scrolls of fear
 l - 2 scrolls of immolation
 r - a scroll of fog {unknown}
Potions
 d - 3 potions of curing
 n - a potion of cancellation {unknown}
 p - a potion of lignification {unknown}
 q - a potion of berserk rage {unknown}


   Skills:
 - Level 3.6 Fighting
 + Level 9.8 Axes
 - Level 3.2 Armour
 - Level 3.2 Shields
 * Level 8.9 Invocations


You had 7 spell levels left.
You didn't know any spells.
Your spell library contained the following spells:

 Spells                   Type           Power      Damage    Failure   Level
 Apportation              Tloc           0%         N/A       75%         1
 Tukima's Dance           Hex            0%         N/A       98%         3
 Passage of Golubria      Tloc           N/A        N/A       100%        4
 Alistair's Intoxication  Tmut/Pois      0%         N/A       100%        5
 Yara's Violent Unravell  Hex/Tmut       0%         3d3       100%        5
 Invisibility             Hex            0%         N/A       100%        6


Dungeon Overview and Level Annotations

Branches:
Dungeon (6/15)             Temple (0/1) D:5

Altars:
Ashenzari
Dithmenos
Qazlal
Yredelemnul

Shops:
D:1 (**?*   D:3 *


Message History

You slash the gnoll!
You kill the gnoll!
Qazlal accepts your kill.
You completely miss something. You block something's attack.
You closely miss something. Something hits you but does no damage.
You miss something. Something hits you.
You barely miss something.
You hear some strange, mumbled words.
A magic dart appears from out of thin air!
The magic dart hits you but does no damage.
You slash something! Something hits you but does no damage.
You barely miss something. Something hits you.
You hit something. Qazlal accepts your kill.
Reactivating autopickup.
You feel a bit more experienced.
You hit the orc but do no damage. The orc hits you with a +0 short sword.
You completely miss the orc. The orc hits you but does no damage.
You barely miss the orc. The orc hits you with a +0 short sword.
You hit the orc but do no damage. The orc hits you but does no damage.
You closely miss the orc. You block the orc's attack.
You slash the orc!
You kill the orc!
Qazlal accepts your kill.
You slash the gnoll!
The gnoll is almost dead.
The gnoll closely misses you.
You hit the gnoll.
You kill the gnoll!
Qazlal accepts your kill.
The orc warrior hits you with a +1 flail of holy wrath!
* * * LOW HITPOINT WARNING * * *
You closely miss the orc warrior.
The orc warrior is lightly wounded.
The orc warrior hits you with a +1 flail of holy wrath!
* * * LOW HITPOINT WARNING * * *
You hit the orc warrior.
The orc warrior is moderately wounded.
The orc warrior hits you with a +1 flail of holy wrath!
You die...

#.#.#.# #.#'#.#
#...............$ # #.....#
#................
##.#.....######................
....<)...'.....................
..###....#########.............
. +.[.)..†..........o..........
###....##########....).......
#)>..'......@o.....).......
#....############...#......
#....# #...# ##### #....# #...#
#....# ##### ######


You could see an orc warrior.

Vanquished Creatures
  A sky beast (D:5)
  A black bear (D:4)
  3 ogres
  2 scorpions
  A water moccasin zombie (D:5)
  A water moccasin skeleton (D:5)
  A jelly (D:5)
  3 wights (D:6)
  A centaur zombie (D:5)
  A hound (D:5)
  An orc priest (D:5)
  A centaur skeleton (D:5)
  Terence (D:2)
  2 scorpion zombies (D:5)
  An iguana (D:6)
  2 orc wizards
  A killer bee zombie (D:5)
  A hound skeleton (D:4)
  2 howler monkey zombies (D:5)
  4 gnolls (D:6)
  A white imp (D:5)
  An ufetubus (D:4)
  2 adder skeletons (D:4)
  A dart slug (D:4)
  11 orcs
  2 bats
  8 endoplasms
  4 goblins
  5 hobgoblins
  A quokka (D:1)
  6 ball pythons
  A frilled lizard (D:1)
  A kobold (D:2)
  4 rats
79 creatures vanquished.

Notes
Turn   | Place    | Note
-------+----------+-------------------------------------------
     0 | D:1      | Crownlay the Hill Orc Fighter began the quest for the Orb.
     0 | D:1      | Reached XP level 1. HP: 19/19 MP: 1/1
    81 | D:1      | Found a faded altar of an unknown god.
    94 | D:1      | Reached skill level 3 in Axes
   101 | D:1      | Became a worshipper of Qazlal Stormbringer
   101 | D:1      | Reached * piety under Qazlal
   238 | D:1      | Found Letoapn's General Store.
   355 | D:1      | Found Bobodog's General Store.
   362 | D:1      | Bought a potion of degeneration for 10 gold pieces
   387 | D:1      | Found Munnunle's Antique Weapon Boutique.
   412 | D:1      | Found Coiskelie's General Store.
   441 | D:1      | Reached XP level 2. HP: 26/26 MP: 2/2
   485 | D:1      | Found Hiodir's Magic Scroll Emporium.
   494 | D:1      | Bought a scroll of identify for 22 gold pieces
   494 | D:1      | Bought a scroll of teleportation for 33 gold pieces
   773 | D:2      | Noticed Terence
   778 | D:2      | Killed Terence
   779 | D:2      | Reached skill level 4 in Axes
   779 | D:2      | Reached XP level 3. HP: 22/31 MP: 3/3
   781 | D:2      | Reached skill level 5 in Axes
  1263 | D:3      | Noticed an ogre
  1271 | D:3      | Killed an ogre
  1272 | D:3      | Reached skill level 6 in Axes
  1272 | D:3      | Reached XP level 4. HP: 14/39 MP: 3/6
  1272 | D:3      | Reached XP level 5. HP: 16/45 MP: 3/7
  1881 | D:3      | Found Iterchito's Assorted Antiques.
  2323 | D:4      | Noticed a black bear
  2335 | D:4      | Killed a black bear
  2336 | D:4      | Reached XP level 6. HP: 46/51 MP: 7/9
  2399 | D:4      | Found a shadowy altar of Dithmenos.
  2475 | D:4      | Reached ** piety under Qazlal
  2522 | D:4      | Found a stormy altar of Qazlal.
  2748 | D:5      | Entered Level 5 of the Dungeon
  2776 | D:5      | Noticed a sky beast
  2784 | D:5      | Reached skill level 7 in Axes
  2794 | D:5      | Killed a sky beast
  2795 | D:5      | Reached skill level 5 in Invocations
  2795 | D:5      | Reached XP level 7. HP: 41/57 MP: 9/11
  3086 | D:5      | Reached skill level 8 in Axes
  3244 | D:5      | Found a basalt altar of Yredelemnul.
  3316 | D:5      | HP: 1/57 [acid (10)]
  3619 | D:5      | Found a staircase to the Ecumenical Temple.
  3927 | D:5      | Reached skill level 9 in Axes
  4238 | D:5      | Reached XP level 8. HP: 51/64 MP: 13/13
  4621 | D:5      | Found a broken altar of Ashenzari.
  4992 | D:6      | HP: 1/64 [orc warrior (12)]
  4993 | D:6      | Mangled by an orc warrior

Illustrated notes

Levels and vault maps discovered:
D:1:      dpeg_arrival_short_road, layout_loops_ring, serial_shops,
          nicolae_square_shop, shop, shop_statue, shop_statue,
          nicolae_shop_statue_plus, chequers_ecumenical_altar_simple_redux
D:2:      layout_rooms, uniq_terence
D:3:      layout_loops_corners, serial_shops, shop
D:4:      kennysheep_big_flooded_room, layout_rooms,
          nicolae_qazlal_general_emergency, grunt_dithmenos_smoke_and_mirrors,
          chequers_serial_rivers_room_b
D:5:      layout_loops_corners, mainiacjoe_overflow_alcove_2,
          nicolae_yredelemnul_corpse_copse, temple_pool_b
D:6:      layout_basic, uniq_blork_the_orc

Skill      XL: |  1  2  3  4  5  6  7  8 |
---------------+-------------------------+-----
Axes           | 3 4 6 7 9 |  9.8
Invocations    | 2 4 5 7 8 |  8.9
Fighting       | |  3.6
Armour         | |  3.2
Shields        | |  3.2

Action                   |  1- 3 |  4- 6 |  7- 9 || total
-------------------------+-------+-------+-------++-------
Melee: War axe           |    42 |    77 |   162 ||   281
  Use: Potion            |     1 |       |       ||     1
       Scroll            |       |     3 |     3 ||     6
Armor: Scale mail        |    14 |    57 |    75 ||   146
Dodge: Dodged            |    19 |    44 |    57 ||   120
Block: Other             |     3 |     6 |    14 ||    23
